Map: Persephone LE

Players

SoBaDRush - Winner!

  • Race: Zerg Zerg
  • League: Grandmaster
  • Spawn Location: 7:00

thiccbeams

  • Race: Protoss Protoss
  • Spawn Location: 11:00

VOD

Have the link to the VOD?

Description

Time

  • Played on: Sept. 15, 2025, 9:49 a.m.
  • Length: 7:46
Show
View Real Time Build Order
Export as new Build Order

SoBaDRush Zerg - Winner!

Build Orders: Hatch First 

Get SALT Encoding   

  12  0:00  Drone  
  13  0:12  Overlord  
  13  0:16  Drone  
  14  0:31  Drone x2  
  16  0:46  Hatchery  
  16  0:48  Drone  
  16  0:53  Drone  
  16  0:56  Drone  
  18  1:07  Extractor  
  17  1:13  Spawning Pool  
  17  1:14  Drone  
  17  1:18  Drone  
  18  1:28  Drone  
  19  1:39  Drone  
  20  1:51  Drone  
  21  2:01  Queen  
  21  2:02  Queen  
  21  2:03  Zergling x4  
  21  2:08  Metabolic Boost  
  27  2:09  Overlord  
  27  2:12  Zergling x2  
  28  2:32  Hatchery  
  28  2:33  Drone x2  
  29  2:42  Queen  
  29  2:43  Zergling x2  
  32  2:44  Zergling x2  
  32  2:48  Zergling x2  
  34  2:54  Overlord  
  34  3:06  Overlord  
  32  3:16  Drone x8  
  38  3:25  Drone  
  39  3:31  Drone  
  39  3:32  Drone  
  41  3:40  Drone  
  41  3:41  Drone  
  43  3:48  Roach Warren, Queen  
  44  3:50  Extractor  
  44  3:51  Drone, Extractor  
  42  3:56  Drone x3  
  42  4:00  Drone  
  46  4:03  Drone  
  46  4:11  Drone x2  
  46  4:12  Drone  
  49  4:20  Lair  
  49  4:33  Drone  
  49  4:34  Drone  
  49  4:35  Overlord, Drone  
  49  4:36  Overlord  
  54  4:38  Roach x3  
  54  4:40  Overlord  
  54  4:45  Overlord  
  58  4:51  Overlord  
  58  4:55  Roach x2  
  62  5:02  Ravager x3  
  65  5:09  Roach x2, Zergling x6  
  72  5:19  Glial Reconstitution  
  72  5:22  Overseer  
  72  5:25  Zergling x8  
  72  5:26  Zergling x10  
  81  5:36  Overlord  
  81  5:39  Ravager  
  81  5:40  Overlord x2  
  82  5:44  Overlord  
  81  5:53  Overlord  
  81  5:57  Overseer  
  81  6:01  Overlord  
  81  6:02  Roach  
  81  6:03  Roach x5  
  93  6:20  Roach x7  
  107  6:28  Roach  
  107  6:29  Roach x3  
  115  6:38  Roach x2  
  119  6:49  Overlord  
  119  6:57  Overlord  
  119  6:58  Ravager x2  
  119  7:00  Overlord x2  
  118  7:11  Roach x5, Zergling x2  
  118  7:12  Zergling x8  
  116  7:23  Roach x4  
Show
View Real Time Build Order
Export as new Build Order

thiccbeams Protoss 

Build Orders: 1 Gate Expand, Blink Stalkers 

Get SALT Encoding   

  12  0:00  Probe  
  13  0:12  Probe  
  14  0:18  Pylon  
  14  0:24  Probe  
  15  0:35  Probe  
  15  0:41  Gateway  
  16  0:43  Probe  
  17  0:51  Probe  
  18  1:10  Nexus  
  18  1:21  Gateway  
  18  1:30  Cybernetics Core  
  18  1:34  Assimilator  
  18  1:39  Assimilator  
  18  1:45  Pylon  
  18  1:48  Probe  
  19  1:56  Adept  
  19  2:00  Probe, Adept  
  22  2:13  Probe  
  25  2:19  Warp Gate  
  25  2:22  Probe  
  26  2:25  Probe  
  27  2:34  Probe  
  28  2:38  Twilight Council  
  28  2:43  Adept  
  30  2:46  Probe  
  30  2:48  Probe  
  32  2:58  Probe  
  32  3:01  Adept  
  36  3:05  Probe  
  36  3:09  Blink  
  36  3:11  Probe  
  37  3:18  Probe  
  34  3:23  Probe  
  35  3:30  Probe  
  36  3:35  Probe, Adept  
  36  3:39  Nexus  
  39  3:50  Gateway  
  39  3:58  Probe x2  
  41  4:05  Gateway  
  39  4:12  Adept  
  39  4:15  Gateway  
  41  4:17  Probe x2  
  41  4:23  Pylon  
  43  4:29  Probe x2  
  45  4:32  Assimilator  
  45  4:39  Gateway  
  45  4:41  Probe  
  45  4:42  Probe  
  45  4:43  Stalker  
  45  4:44  Stalker  
  51  4:54  Probe  
  51  4:56  Probe  
  51  4:58  Probe  
  54  5:06  Probe, Pylon  
  55  5:09  Probe  
  55  5:10  Stalker x3  
  62  5:16  Probe  
  62  5:18  Probe  
  62  5:21  Probe  
  65  5:22  Pylon  
  65  5:25  Shield Battery  
  65  5:27  Charge  
  65  5:28  Probe  
  65  5:30  Probe  
  65  5:33  Probe  
  68  5:40  Probe, Stalker x4  
  77  5:42  Probe  
  77  5:45  Probe  
  79  5:53  Probe  
  79  5:55  Probe, Robotics Facility  
  81  5:58  Probe  
  82  6:05  Probe  
  82  6:06  Pylon  
  82  6:07  Probe  
  82  6:10  Probe  
  85  6:19  Pylon  
  85  6:24  Probe x3  
  88  6:26  Pylon  
  88  6:27  Templar Archives  
  88  6:29  Assimilator  
  88  6:30  Gateway  
  88  6:31  Gateway  
  88  6:34  Pylon  
  88  6:36  Probe, Stalker x2  
  88  6:38  Probe  
  94  6:40  Pylon  
  94  6:41  Observer  
  94  6:45  Nexus  
  91  6:58  Pylon  
  91  6:59  Probe  
  92  7:03  Gateway x2  
  92  7:08  Stalker x4  
  89  7:26  Stalker x2  
  89  7:27  Probe  
  69  7:31  Stalker x4  
Tags
 
Add a new tag
Caveats
  • Supply blocks, unpowered buildings, or Contaminate may cause inaccurate times.
  • Supply counts are checked every 10 seconds.